 Dungeon Crawl Stone Soup version 0.29-a0-577-gafbf2c5d25 (webtiles) character file.

Game seed: 3375931102993586317

1500 nrs142 the Ducker (level 9, 0/55 HPs)
             Began as a Djinni Fire Elementalist on June 12, 2022.
             Slain by Duvessa
             ... wielding a +0 short sword
              (1 damage)
             ... on level 6 of the Dungeon on June 13, 2022.
             The game lasted 00:25:21 (8396 turns).

nrs142 the Ducker (Djinni Fire Elementalist)        Turns: 8396, Time: 00:25:22

Health: 0/55       AC:  4    Str: 15    XL:     9   Next: 8%
Gold:   258        EV: 15    Int: 19    God:
                   SH:  5    Dex: 14

rFire   + + +      SeeInvis .   j - staff of earth
rCold   . . .      Faith    .   (no shield)
rNeg    + . .      Spirit   .   r - +2 robe {rN+}
rPois   ∞          Reflect  +   (no helmet)
rElec   .          Harm     .   (no cloak)
rCorr   +          Rampage  .   (no gloves)
Will    .....                   (boots unavailable)
Stlth   ++........              b - amulet of reflection
HPRegen 0.18/turn               i - +6 ring of strength
MPRegen 0.00/turn               p - ring of Uruem {rPois rF++ rC+ rCorr Stlth-}

@: attractive, flying
A: sickness immunity, fire resistance 2, cold vulnerability 1, float, innate
caster, HP casting, extra vitality 1
a: no special abilities


You were on level 6 of the Dungeon.
You visited 1 branch of the dungeon, and saw 6 of its levels.

You collected 258 gold pieces.

Inventory:

Missiles
 n - 5 poisoned darts
Armour
 r - a +2 robe of positive energy (worn)
Magical Staves
 j - a staff of earth (weapon)
Jewellery
 b - an amulet of reflection (around neck)
 i - a +6 ring of strength (left hand)
 m - a ring of fire
 p - the ring of Uruem (right hand) {rPois rF++ rC+ rCorr Stlth-}
   (You acquired it on level 6 of the Dungeon)

   [ring of protection from cold]

   rF:        It greatly protects you from fire.
   rC:        It protects you from cold.
   rPois:     It protects you from poison.
   rCorr:     It protects you from acid and corrosion.
   Stlth:     It makes you less stealthy.
Wands
 t - a wand of charming (10)
Scrolls
 a - 2 scrolls of fear
 c - a scroll of amnesia {unknown}
 e - a scroll of noise
 g - 3 scrolls of identify
 h - 2 scrolls of immolation
 k - a scroll of blinking
 q - a scroll of brand weapon {unknown}
 s - a scroll of magic mapping {unknown}
Potions
 d - a potion of lignification
 f - a potion of attraction
 l - a potion of ambrosia
 o - 2 potions of might


   Skills:
 + Level 7.0 Dodging
 + Level 5.8 Stealth
 + Level 5.3 Spellcasting


You couldn't memorise any spells.
You knew the following spells:

 Your Spells              Type           Power      Damage    Failure   Level
a - Foxfire               Conj/Fire      100%       2x1d9     1%          1
b - Scorch                Fire           50%        2d7       1%          2
c - Conjure Flame         Conj/Fire      25%        6-21      4%          3
d - Inner Flame           Hex/Fire       25%        N/A       4%          3
e - Flame Wave            Conj/Fire      25%        2d7       14%         4
f - Necrotize             Necr           100%       1d9       1%          1
g - Static Discharge      Conj/Air       25%        N/A       1%          2
h - Searing Ray           Conj           50%        2d6       1%          2
i - Gell's Gravitas       Tloc           25%        N/A       4%          3
Your spell library was empty.

Dungeon Overview and Level Annotations

Branches:
Dungeon (6/15)
 Temple: D:4-7

Altars:

Shops:
D:1 !   D:3 [

Annotations:
D:6 Dowan, Duvessa


Innate Abilities, Weirdness & Mutations

You are immune to sickness and miasma.
You are immune to poison.
Your flesh is very heat resistant. (rF++)
You are vulnerable to cold. (rC-)
You float through the air rather than walking.
You learn spells naturally, not from books.
Your magical power is your life essence.
You have superior vitality. (+4 MHP)


Message History

The foxfire hits the ice beast.
The ice beast melts!
The ice beast is almost dead.
The ice beast hits you. The ice beast freezes you!
* * * LOW HITPOINT WARNING * * *
Casting: Foxfire (safe; 1% risk of failure)
Confirm with . or Enter, or press ? or * to list all spells.
You conjure some foxfire!
* * * LOW HITPOINT WARNING * * *
The ice beast misses you. The ice beast attacks as you move away!
You block the ice beast's attack.
Found a trident.
The ice beast is no longer more vulnerable to fire.
The foxfire hits the ice beast.
You kill the ice beast!
Your Dodging skill increases to level 7!
You start resting.
Your foxfire dissipates!
You start resting.
Duvessa is nearby!
It was a potion of attraction.
You feel attractive to monsters.
Unknown command.
Duvessa attacks as you move away! You block Duvessa's attack.
You block Duvessa's attack.
Dowan, Brother of Duvessa comes into view.
He is wielding a +1 dagger of speed.
Dowan is attracted toward you.
Casting: Foxfire (safe; 1% risk of failure)
Confirm with . or Enter, or press ? or * to list all spells.
Casting: Flame Wave (dangerous; 14% risk of failure)
Press: ? - help, Dir - look around, f - activate A wave of flame ripples out!
The flame wave engulfs Duvessa.
Duvessa is lightly wounded. (Press . to intensify the flame waves.) Dowan shouts!
* * * LOW HITPOINT WARNING * * *
Duvessa hits you with a +0 short sword!
* * * LOW HITPOINT WARNING * * *
Without enough magic to sustain them, the waves of flame dissipate.
Duvessa hits you with a +0 short sword.
You die...

..........#+##.. .
............... .
########.......###.
#
#.........§........
#........##........
#........##........
#........##........
#.........ee.......
#..........@.......
###...###..........
#...# #..........
#...###..........
#................
#......(.#+##..).
###..............
#.......... ...
#........).


You could see Duvessa and Dowan.

Vanquished Creatures
  A water moccasin (D:5)
  An ice beast (D:6)
  2 sky beasts (D:6)
  3 ogres
  2 phantoms
  2 bullfrogs (D:6)
  2 scorpions (D:5)
  3 wights (D:5)
  3 jellies
  2 hounds (D:5)
  9 adders
  An ufetubus (D:4)
  3 orcs (D:5)
  9 endoplasms
  7 giant cockroaches
  15 goblins
  7 hobgoblins
  10 jackals
  A quokka (D:3)
  6 ball pythons
  2 bats (D:1)
  5 frilled lizards
  8 kobolds
  3 rats
107 creatures vanquished.

Vanquished Creatures (others)
  130 foxfires
130 creatures vanquished.

Grand Total: 237 creatures vanquished

Notes
Turn   | Place    | Note
-------+----------+-------------------------------------------
     0 | D:1      | nrs142 the Djinni Fire Elementalist began the quest for the
                  | Orb.
     0 | D:1      | Reached XP level 1. HP: 15/15 MP: 0/0
   195 | D:1      | Found Kiov's Distillery.
   279 | D:1      | Reached XP level 2. HP: 19/21 MP: 0/0
   405 | D:1      | Found a faded altar of an unknown god.
   991 | D:1      | Reached XP level 3. HP: 24/25 MP: 0/0
   991 | D:1      | Learned a level 1 spell: Necrotize
  2015 | D:2      | Reached skill level 3 in Dodging
  2322 | D:2      | Reached XP level 4. HP: 28/31 MP: 0/0
  3084 | D:3      | Found Lesmaniap's Armour Boutique.
  3421 | D:3      | Upgraded the game from 0.29-a0-575-g0dc89cf053 to
                  | 0.29-a0-577-gafbf2c5d25
  3596 | D:3      | Reached XP level 5. HP: 34/35 MP: 0/0
  3596 | D:3      | Learned a level 2 spell: Static Discharge
  4426 | D:4      | Noticed a phantom
  4436 | D:4      | Killed a phantom
  4437 | D:4      | Reached skill level 4 in Dodging
  4437 | D:4      | Reached XP level 6. HP: 34/40 MP: 0/0
  4713 | D:5      | Entered Level 5 of the Dungeon
  4916 | D:5      | Noticed a water moccasin
  4931 | D:5      | Killed a water moccasin
  5348 | D:5      | Reached XP level 7. HP: 41/45 MP: 0/0
  5348 | D:5      | Learned a level 2 spell: Searing Ray
  5810 | D:5      | Reached skill level 5 in Dodging
  6519 | D:6      | Identified a scroll of acquirement
  6519 | D:6      | Acquired the ring of Uruem {rPois rF++ rC+ rCorr Stlth-}
  6556 | D:5      | Reached XP level 8. HP: 8/50 MP: 0/0
  7632 | D:6      | Reached skill level 6 in Dodging
  7632 | D:6      | Reached skill level 5 in Stealth
  8124 | D:6      | Reached skill level 5 in Spellcasting
  8162 | D:6      | Reached XP level 9. HP: 21/55 MP: 0/0
  8162 | D:6      | Learned a level 3 spell: Gell's Gravitas
  8384 | D:6      | Noticed Duvessa
  8389 | D:6      | Reached skill level 7 in Dodging
  8394 | D:6      | Noticed Dowan
  8395 | D:6      | HP: 1/55 [Duvessa/+0 short sword (10)]
  8396 | D:6      | Slain by Duvessa

Illustrated notes

Levels and vault maps discovered:
D:1:      saegor_arrival_simple_b, layout_basic,
          hellmonk_ecumenical_altar_dog_temple, serial_shops, shop_fountains,
          st_stairs_13
D:2:      layout_rooms, nrook_campfire
D:3:      layout_loops_cross, serial_shops, nicolae_shop_hallway_plus
D:4:      layout_loops_ring
D:5:      layout_basic, minmay_ogre_servants
D:6:      layout_basic, nicolae_overflow_squiral, uniq_duvessa

Skill      XL: |  1  2  3  4  5  6  7  8  9 |
---------------+----------------------------+-----
Stealth        | 2 3 4 5 |  5.8
Dodging        | 3 4 5 6 7 |  7.0
Spellcasting   | 3 4 5 |  5.3

Action                   |  1- 3 |  4- 6 |  7- 9 || total
-------------------------+-------+-------+-------++-------
Melee: Dagger            |     3 |       |       ||     3
       Staff             |     6 |    21 |    14 ||    41
 Cast: Foxfire           |    41 |    61 |    22 ||   124
       Scorch            |    13 |    17 |    39 ||    69
       Necrotize         |     5 |       |       ||     5
       Searing Ray       |       |       |     8 ||     8
       Flame Wave        |       |       |     1 ||     1
  Use: Scroll            |       |       |     7 ||     7
       Potion            |       |       |    10 ||    10
 Stab: Sleeping          |     1 |       |       ||     1
Armor: Robe              |     7 |    13 |     9 ||    29
Dodge: Dodged            |    20 |    40 |    37 ||    97
Block: Other             |       |    17 |    15 ||    32

Table legend: (Time is in decaauts)
 A = Elapsed time spent in this place.
 B = Non-inter-level travel time spent in this place.
 C = Inter-level travel time spent in this place.
 D = Time resting spent in this place.
 E = Time spent auto-exploring this place.
 F = Levels seen in this place.
 G = Mean time per level.
                   A        B        C        D        E       F      G
               +--------+--------+--------+--------+--------+-----+--------+
         Total |   8404 |   8205 |    199 |   2916 |   4310 |   6 | 1400.7 |
       Dungeon |   8404 |   8205 |    199 |   2916 |   4310 |   6 | 1400.7 |
               +--------+--------+--------+--------+--------+-----+--------+

Top non-repeatable levels by time:
     D:5: 2866 daAuts
     D:1: 1805 daAuts
     D:2: 1040 daAuts
     D:4: 952 daAuts
     D:3: 917 daAuts
     D:6: 822 daAuts
